Cogmind - Beta 11 X7 *** ADVENTURER MODE // 2021.10.13 @ 19:28:20 // Winter2019/RPGLIKE Player: Salamander Result: Destroyed by as-46346 with Assembled Blade Performance ------------- Evolutions (0) 0 Regions Visited (2) 400 Robots Destroyed (21) 105 Value Destroyed (387) 387 Prototype IDs (0) 0 Alien Tech Used (0) 0 Bonus (0) 0 TOTAL SCORE: 892 Bonus ------- None Cogmind --------- Core Integrity 0/600 Matter 300/300 Energy 124/125 System Corruption 0% Temperature Warning (341) Movement Hovering (56) Location -10/Mines Parts ------- > --- POWER (1) -------- Light Ion Engine > --- PROPULSION (2) --- Hover Unit Hover Unit > --- UTILITY (2) ------ Heat Sink Transport Network Coupler > --- WEAPON (2) ------- Beam Rifle Beam Rifle > --- INVENTORY (3) ---- Protomatter-38 Protomatter-33 Hover Unit Peak State ------------ > --- POWER ------------ Light Ion Engine > --- PROPULSION ------- Hover Unit Hover Unit > --- UTILITY ---------- Heat Sink Transport Network Coupler > --- WEAPON ----------- Beam Rifle Particle Gun > --- INVENTORY -------- Protomatter Protomatter Hover Unit [Rating: 9] Favorites ----------- Power Light Ion Engine Engine Light Ion Engine Propulsion Hover Unit Leg Aluminum Leg Hover Unit Hover Unit Utility Heat Sink Device Heat Sink Processor Transport Network Coupler Weapon Assault Rifle Energy Gun Beam Rifle Ballistic Gun Assault Rifle Build | -11 -10 -10 ------- Run | Scr Mat Min Slots Evolved 3 | 3 . . Power . | . . . Propulsion 1 | 1 . . Utility 1 | 1 . . Weapon 1 | 1 . . Parts Attached 14 | 5 9 . Power 1 | 1 . . Engine 1 | 1 . . Core . | . . . Reactor . | . . . Propulsion 4 | 2 2 . Treads . | . . . Leg 2 | 2 . . Wheel . | . . . Hover 2 | . 2 . Flight . | . . . Utility 3 | . 3 . Device 2 | . 2 . Storage . | . . . Processor 1 | . 1 . Hackware . | . . . Protection . | . . . Artifact . | . . . Weapon 6 | 2 4 . Energy Gun 4 | . 4 . Energy Cannon . | . . . Ballistic Gun 2 | 2 . . Ballistic Cannon . | . . . Launcher . | . . . Special Weapon . | . . . Impact Weapon . | . . . Slashing Weapon . | . . . Piercing Weapon . | . . . Special Melee Weapon . | . . . Unidentified Prototypes . | . . . Parts Lost . | . . . Power . | . . . Propulsion . | . . . Utility . | . . . Weapon . | . . . Highest Loss Streak . | . . . Average Slot Usage (%) 93 | . 92 100 Engine 14 | . 14 14 Leg 7 | . 8 . Hover 20 | . 19 28 Device 16 | . 16 14 Processor 5 | . 4 14 Energy Gun 14 | . 12 28 Ballistic Gun 13 | . 15 . Naked Turns . | . . . Heaviest Build 10 | 7 10 10 Greatest Support 25 | 25 25 17 Greatest Overweight (x) . | . . . Average Overweight (x) . | . . . Largest Inventory Capacity 3 | 3 3 3 Average Capacity 3 | 3 3 3 Most Carried 3 | 2 3 3 Average Carried 2 | . 2 3 Final Capacity 3 | 3 3 3 Final Carried 3 | 2 3 3 Class Distribution -------------------- 93% | Hacker-Mutant 6% | Scavenger-Mutant Dominant Class ---------------- Hacker-Mutant | -10/Materials Hacker-Mutant | -10/Mines Resources | -11 -10 -10 ----------- Run | Scr Mat Min Matter Collected 538 | 316 222 . Remotely 150 | . 150 . Salvage Created 676 | 174 360 142 Parts 43 | 14 24 5 Haulers Intercepted 2 | . 2 . Recyclers Shooed . | . . . Parts Field Recycled . | . . . Retrieved Matter . | . . . Parts Self-Destructed . | . . . Prevented . | . . . Kills | -11 -10 -10 ------- Run | Scr Mat Min Combat Hostiles Destroyed 12 | . 8 4 Guns 12 | . 8 4 Classes Destroyed 7 | 2 4 1 Tunneler 5 | 5 . . Hauler 2 | . 2 . Recycler 2 | 1 1 . Watcher 2 | . 2 . Swarmer 3 | . 3 . Grunt 7 | . 5 2 Assembled 2 | . . 2 Best Kill Streak 6 | 6 3 2 Combat Bots Only 3 | . 3 2 Max Kills in Single Turn 1 | 1 1 1 Gunslinging . | . . . Exploded . | . . . Melee . | . . . Uniques/NPCs Destroyed . | . . . Combat | -11 -10 -10 -------- Run | Scr Mat Min Damage Taken 893 | . 162 731 Core 732 | . 126 606 Absorbed by Shields . | . . . Redirected to Core 516 | . 107 409 Core Remaining (%) 100 | 100 . . Volleys Fired 59 | 11 38 10 Largest 2 | 2 2 2 Hottest 112 | 40 112 112 Shots Fired 117 | 22 76 19 Gun 117 | 22 76 19 Cannon . | . . . Launcher . | . . . Special . | . . . Kinetic 66 | 22 44 . Thermal 51 | . 32 19 Explosive . | . . . Electromagnetic . | . . . Robot Hit Streak 19 | 8 19 6 Robot Miss Streak 4 | 1 4 4 Penetration Max . | . . . Secondary Targets 4 | . 2 2 Max Gunslinging Chain 1 | . 1 1 Shots Hit Robots 83 | 17 54 12 Core Hits 38 | 7 23 8 Critical Kills 1 | . 1 . Critical Parts Destroyed . | . . . Critical Strikes 3 | . 2 1 Burn 2 | . 1 1 Destroy 1 | . 1 . Melee Attacks . | . . . Impact . | . . . Slashing . | . . . Piercing . | . . . Sneak Attacks . | . . . Combat Hostiles . | . . . Follow-up Attacks . | . . . Damage Inflicted 1168 | 222 723 223 Guns 1168 | 222 723 223 Cannons . | . . . Explosions . | . . . Melee . | . . . Ramming . | . . . Kinetic 603 | 222 381 . Thermal 565 | . 342 223 Explosive . | . . . Electromagnetic . | . . . Impact . | . . . Slashing . | . . . Piercing . | . . . Highest Corruption . | . . . Average Corruption . | . . . Corruption Purged . | . . . Overload Shots . | . . . Overflow Damage . | . . . Projectiles . | . . . Explosions . | . . . Melee . | . . . Knockbacks . | . . . Impact . | . . . Kinetic . | . . . Secondary . | . . . Self-Inflicted Damage . | . . . Shots . | . . . Rammed . | . . . Targets Rammed . | . . . Kicked . | . . . Crushed . | . . . Highest Temperature 321 | . 38 321 Average Temperature 44 | . 11 99 Received Heat Transfer 481 | . 93 388 Effects 1 | . . 1 Short Circuit 1 | . . 1 Siege Activations . | . . . Robots Corrupted . | . . . Combat Hostiles . | . . . Parts Fried . | . . . Impact Corruptions . | . . . Robots Melted . | . . . Combat Hostiles . | . . . Parts Melted 1 | . 1 . Heat Transferred 1470 | . 878 592 Parts Sabotaged . | . . . Parts Stolen . | . . . Parts Stripped . | . . . Power Chain Reactions . | . . . Missiles Intercepted . | . . . Alert | -11 -10 -10 ------- Run | Scr Mat Min Peak Influence 278 | 30 278 75 Initial 25 | . 16 25 Average 111 | 8 138 68 Maximum Alert Level 1 | . 1 . Low Security (%) 74 | 100 66 100 Level 1 25 | . 33 . Level 2 . | . . . Level 3 . | . . . Level 4 . | . . . Level 5 . | . . . High Security . | . . . Max Security . | . . . Squads Dispatched 1 | . 1 . Investigation 1 | . 1 . Extermination . | . . . Reinforcement . | . . . Assault . | . . . Garrison . | . . . Intercept . | . . . Construction Impeded . | . . . Haulers Reinforced . | . . . Active Scanning Responses . | . . . Cargo Convoy Interrupts . | . . . Stealth | -11 -10 -10 --------- Run | Scr Mat Min Distress Signals . | . . . Communications Jammed . | . . . Distress Signals . | . . . Times Spotted 34 | . 14 20 Peak Tracking Total 19 | . 4 19 Tactical Retreats 1 | . . 1 Traps | -11 -10 -10 ------- Run | Scr Mat Min Traps Triggered 1 | . 1 . Indirectly . | . . . Trap Hack Attempts . | . . . Triggered . | . . . Disarmed . | . . . Reprogrammed . | . . . Reused . | . . . Traps Extracted . | . . . Installed . | . . . Triggered . | . . . Machines | -11 -10 -10 ---------- Run | Scr Mat Min Machines Disabled 1 | . 1 . Max in Single Turn 1 | . 1 . Machines Sabotaged . | . . . Garrisons Compromised . | . . . Overloaded Fab Kills . | . . . Fab Network Shutdowns . | . . . Hacking | -11 -10 -10 --------- Run | Scr Mat Min Machines Accessed 5 | . 5 . Terminals 5 | . 5 . Fabricators . | . . . Repair Stations . | . . . Recycling Units . | . . . Scanalyzers . | . . . Garrison Access . | . . . Total Hacks 20 | . 20 . Successful 10 | . 10 . Failed 10 | . 10 . Catastrophic . | . . . Database Lockouts . | . . . Manual 18 | . 18 . Terminals 20 | . 20 . Fabricators . | . . . Repair Stations . | . . . Recycling Units . | . . . Scanalyzers . | . . . Garrison Access . | . . . Terminal Hacks 4 | . 4 . Robot Analysis 3 | . 3 . Locate Traps 1 | . 1 . Fabricator Hacks . | . . . Repair Station Hacks . | . . . Recycling Unit Hacks . | . . . Scanalyzer . | . . . Garrison Access Hacks . | . . . Unauthorized Hacks 6 | . 6 . Terminals 6 | . 6 . Track 2 | . 2 . Botnet 3 | . 3 . Disrupt 1 | . 1 . Fabricators . | . . . Repair Stations . | . . . Recycling Units . | . . . Scanalyzers . | . . . Garrison Access . | . . . Data Cores Recovered . | . . . Used . | . . . Hacking Detections 5 | . 5 . Full Trace Events . | . . . Feedback Events . | . . . Feedback Blocked . | . . . Robot Schematics Acquired . | . . . Robots Built . | . . . Matter . | . . . Time . | . . . Total Robot Build Rating . | . . . Part Schematics Acquired . | . . . Parts Built . | . . . Matter . | . . . Time . | . . . Total Part Build Rating . | . . . Parts Repaired . | . . . Time . | . . . Parts Recycled . | . . . Recycled Matter . | . . . Retrieved Matter . | . . . Retrieved Components . | . . . Parts Scanalyzed . | . . . Part Schematics Acquired . | . . . Parts Damaged . | . . . Bothacking | -11 -10 -10 ------------ Run | Scr Mat Min Used RIF Installer . | . . . Robots Hacked . | . . . Non-combat . | . . . Combat . | . . . Robot Hacks Applied . | . . . Relay Couplers Released . | . . . Robots Rewired . | . . . Allies Hacked . | . . . Hacks Repelled . | . . . Allies | -11 -10 -10 -------- Run | Scr Mat Min Total Allies . | . . . Largest Group . | . . . Highest-Rated Group . | . . . Highest-Rated Ally . | . . . Total Orders . | . . . Ally Attacks . | . . . Total Damage . | . . . Kills . | . . . Allies Corrupted . | . . . Allies Melted . | . . . Intel | -11 -10 -10 ------- Run | Scr Mat Min Robot Analysis Total 3 | . 3 . Derelict Logs Recovered 1 | . . 1 Drone Launches . | . . . Drone Recoveries . | . . . Exploration | -11 -10 -10 ------------- Run | Scr Mat Min Turns Passed 568 | 87 424 57 Spaces Moved 490 | 40 399 51 Core 4 | 4 . . Treads . | . . . Legs 107 | 36 71 . Wheels . | . . . Hover 379 | . 328 51 Flight . | . . . Fastest Speed 50 | 50 56 56 Average Speed 70 | 113 68 56 Slowest Speed 120 | 120 120 56 Overloaded Moves . | . . . Propulsion Burnouts . | . . . Robots Hopped . | . . . Cave-ins Triggered . | . . . Exploration Rate (%) 36 | 5 73 32 Regions Visited 2 Branch Regions 1 Pre-discovered Areas 1 | . . 1 Known Exits Taken . | . . . Unknown Exits Taken 2 | 1 1 . Scrap Searched . | . . . Spaces Dug . | . . . Terrain Destroyed . | . . . Melee . | . . . Projectile . | . . . AOE . | . . . Terrain Rammed . | . . . Walls Destroyed . | . . . Machines Disabled . | . . . Actions | -11 -10 -10 --------- Run | Scr Mat Min Total 593 | 57 475 61 Wait 6 | . 6 . Move 488 | 39 398 51 Hop . | . . . Pick Up 6 | 2 4 . Fast Attach 13 | 5 8 . Attach . | . . . Detach . | . . . Swap 1 | . 1 . Drop 10 | . 10 . Fire 59 | 11 38 10 Melee . | . . . Ram . | . . . Kick . | . . . Crush . | . . . Escape Stasis . | . . . Rewire . | . . . Trap . | . . . Miscellaneous 10 | . 10 . Route ------- -11/Scrapyard -10/Materials (discovered 2 exits: [*Mat] / [*Min]) -10/Mines History --------- Turn | Location | Event 1 | -11/Scrapyard | Upgraded with Propulsion slot (x1) 1 | -11/Scrapyard | Upgraded with Utility slot (x1) 1 | -11/Scrapyard | Upgraded with Weapon slot (x1) 11 | -11/Scrapyard | Discovered new exit (range 15) 88 | -11/Scrapyard | Entered Materials 224 | -10/Materials | Discovered new exit (range 16) 307 | -10/Materials | Build established: Hacker-Mutant 442 | -10/Materials | Discovered new exit (range 9) 512 | -10/Materials | Entered Mines 514 | -10/Mines | Reached level 2 524 | -10/Mines | Learned location of Recycling (-8) 539 | -10/Mines | Assembled infested the area 544 | -10/Mines | Assisted by a Guerilla fighting off Assembled 547 | -10/Mines | Met a Derelict bent on vengeance 562 | -10/Mines | Core integrity fell below 50% 567 | -10/Mines | Core integrity fell below 20% 569 | -10/Mines | Destroyed by as-46346 with Assembled Blade Last Messages --------------- 00514_ Reached level 2. 00518_ G-47 Trooper destroyed. 00518_ Switching to secondary target: G-34 Mercenary. 00521_ Upgraded: TH Damage % (+15) 00521_ G-34 Mercenary destroyed. 00524_ Acquired derelict log, extracted data. World map updated: -8/Recycling. 00539_ ALERT: Infestation in the mines, dispatching Demolisher response squad. 00544_ A derelict emerges from the shadows: "You need to get out of here! I've been tracking a group of Assembled to figure out where they're coming from, and they're closing on this area, come on!" 00553_ as-07896 suffers critical hit (Burn). 00556_ as-07896 destroyed. 00556_ Switching to secondary target: as-85904. 00557_ as-94051 suffers critical hit (Destroy). 00557_ as-94051 destroyed. 00568_ Beam Rifle permanently disabled. 00568_ Overheating: Short circuit. 00568_ as-64623 destroyed. Map ----- +----------------------------------------------------+ | ???????????????????????????????? | | ???????????????????????????????? | | ???????????????????????????????? | | ???????????????????????????????? | | ???????????????????????????????? | | ???????????????????????????????? | | ???????????????????????????????? | | ???????????????????????????????? | | ???????? ?????????????????????? | | ???????? ?????????????????????? | | ???????? ?????????????????????? | | ???????? ##???????????????????? | | ???????? ####????????????????? | | ???????? ???????#?????????? | | ???????? ?????? ?????????? | | ???????? ???### ????????? | | ???????? #??# ????????? | | ?###??### ### ?????????? | | ?# ??? ???????????? | | ?# ??? ?????????????? | | ?# #??## #??????????????? | | ?# #??# #???????????###?? | | ?# ##?# #????????????# #?? | | ## ### #???????????## #?? | | #????????????# #?? | | ##???#####???##@ #??? | | ## ### #???## ##?##%%a##??? | | ### #?# ##### ### a% #???? | | #?# #?# aaaa #???? | | #?# #?#### ## aa aa #??? | | #?# #????# ### a a #?? | | #?# ???? #?### a #?? | | #?###???## #???## a #?? | | #????????# #????# a ##?? | | #????????# #????# ##??? | | #????????# #???? ###???? | | #??????# #??? ##?????? | | ??????# #?? #??????? | | ??????? ??? < ??????? | | ??????? ?? #?????? | | ???????? ?? #?????? | | #???????? ?? ## #?????? | | ##???????? ??####?## ##?????? | | ###????????? ?????????###??????? | | ???????????? ??????????????????? | | ???????????????????????????????? | | ???????????????????????????????? | | ???????????????????????????????? | | ???????????????????????????????? | | ???????????????????????????????? | +----------------------------------------------------+ Best States ------------- Heat Dissipation 41 Energy Generation 15 Energy Capacity 125 Matter Stores 300 Matter Capacity 300 Sight Range 17 Terrain Scan Density 10 Resistance: KI 20 Resistance: TH 20 Resistance: EX 20 Resistance: EM 20 Resistance: I 20 Resistance: S 20 Resistance: P 20 Evasion (%) 53 Offensive Hacking 15 Defensive Hacking 5 Item Schematics ----------------- None Robot Schematics ------------------ None Fabricated ------------ Nothing Alien Tech Used ----------------- None Achievements -------------- None Challenges ------------ None RPGLIKE | -11 -10 -10 --------- Run | Scr Mat Min Levels Raised 1 | . . 1 XP Earned 5835 | 4000 1085 750 XP Spent 5450 | 3950 . 1500 Upgrades 15 | 12 . 3 Propulsion Slot 1 | 1 . . Utility Slot 1 | 1 . . Weapon Slot 1 | 1 . . Heat Dissipation 1 | 1 . . Energy Generation 1 | 1 . . Mass Support 1 | 1 . . Inventory Capacity 3 | 3 . . Sight Range 1 | 1 . . Hack Attack % 1 | 1 . . Hack Defense % 1 | 1 . . TH Damage % 3 | . . 3 Protomatter Created 175 | . 160 15 Integrity Restored 187 | . 187 . Core 126 | . 126 . Parts 61 | . 61 . Protomatter Decayed 14 | . 14 . Game ------ Seed MeleeGuidedSuite Manual? 0 Play Time 00:08:54 Cumulative 132.2 hours Start 2021.10.13 @ 19:20:41 End 2021.10.13 @ 19:28:20 Sessions 1 Manual Loads 0 Difficulty Adventurer Special Mode Winter2019/RPGLIKE Game No. 115 Rogue 14 Adventurer 99 Explorer 2 Win Type - Total 6 Types 3/0/1/0/0/1/0/1/0 Lore% 70 Gallery% 77 Achievement% 70 Wizard Run 0 Options --------- ASCII 0 Keyboard 0 Movement Mouse Keybinds 0 Fullscreen 1 Font 24/Smallcaps Map View 76x50 Tactical HUD 1 Map Filters NONE Filters NONE Steam 1 RUN: 1301b98e-0309-4cc8-98f3-147cd0154dd5